 Dungeon Crawl Stone Soup version 0.18-a0-1311-g779ca93 (webtiles) character file.

115 Gorice the Skirmisher (level 4, 0/45 HPs)
             Began as a Minotaur Wanderer on Feb 13, 2016.
             Killed by nerve-wracking pain
             ... invoked by Foomius's ghost
              (11 damage)
             ... on level 3 of the Dungeon.
             The game lasted 00:09:03 (1840 turns).

Gorice the Skirmisher (Minotaur Wanderer)           Turns: 1840, Time: 00:09:03

Health: 0/45       AC:  6    Str: 18    XL:     4   Next: 68%
Magic:  3/3        EV: 10    Int:  8    God:
Gold:   104        SH:  0    Dex: 10    Spells: 0 memorised, 3 levels left

rFire  . . .     SeeInvis .     b - +0 quarterstaff
rCold  + . .     Gourm    .     r - +0 ring mail
rNeg   . . .     Faith    .     (shield currently unavailable)
rPois  .         Spirit   .     (helmet restricted)
rElec  .         Dismiss  .     (no cloak)
rCorr  .         Reflect  .     n - +0 pair of gloves
SustAt .         Harm     .     (no boots)
MR     .....                    (no amulet)
Stlth  ..........               (no ring)
                                s - ring of protection from cold

@: not resistant to hostile enchantments, extremely unstealthy
A: retaliatory headbutt, horns 2
a: no special abilities


You were on level 3 of the Dungeon.
You were not hungry.

You visited 1 branch of the dungeon, and saw 4 of its levels.

You collected 104 gold pieces.

Inventory:

Hand Weapons
 a - a +2 short sword
 b - a +0 quarterstaff (weapon)
 e - a +1 mace of holy wrath
   (You found it on level 2 of the Dungeon)
Missiles
 q - 4 javelins
 Z - 47 stones (quivered)
Armour
 d - a +0 robe
 n - a +0 pair of gloves (worn)
 r - a +0 ring mail (worn)
Jewellery
 k - an uncursed ring of magical power
 l - an uncursed ring of wizardry
 o - an uncursed ring of ice
 s - a ring of protection from cold (left hand)
Wands
 g - a wand of paralysis (7/24)
Scrolls
 u - a scroll of teleportation {unknown}
Potions
 c - a potion of lignification {!q}
 i - a potion of curing {unknown}
 j - a potion of degeneration {unknown}
 m - 2 potions of haste {unknown}
Comestibles
 f - 2 bread rations {!e}
 h - a slice of pizza
 p - a meat ration {!e}


   Skills:
 + Level 6.5 Fighting
 - Level 1.1 Short Blades
 - Level 1.2 Maces & Flails
 * Level 0.0(0.5) Staves
 + Level 2.7 Armour
 - Level 1.1 Dodging
   Level 2.4 Shields


You had 3 spell levels left.
You didn't know any spells.

Dungeon Overview and Level Annotations

Branches:
Dungeon (4/15)
 Temple: D:4-7

Altars:
Nemelex Xobeh
Pakellas
Qazlal

Annotations:
D:2 UX: siggers, Sigmund
D:3 Foomius's ghost, amateur DsNe


Innate Abilities, Weirdness & Mutations

You reflexively headbutt those who attack you in melee.
You have a pair of horns on your head.


Message History

Damage: 6 (max 6)
There is a stone staircase leading down here.
Foomius's ghost casts a spell at you.
You barely resist.
You climb downwards.
There is a stone staircase leading up here.
You start resting.
HP restored.
You can't go down here!
You climb upwards.
Level annotation: Foomius's ghost, amateur DsNe Foomius's ghost gestures at you while chanting.
Pain shoots through your body!
There is a stone staircase leading down here.
Damage: 9 (max 9)
You hit Foomius's ghost.
Foomius's ghost is lightly damaged.
Foomius's ghost closely misses you.
You hit Foomius's ghost but do no damage.
Foomius's ghost is lightly damaged.
Foomius's ghost hits you but does no damage.
You sock Foomius's ghost!
Foomius's ghost is moderately damaged.
Foomius's ghost hits you. Foomius's ghost misses you.
Damage: 4 (max 9)
You miss Foomius's ghost.
Foomius's ghost is moderately damaged.
Foomius's ghost closely misses you.
You hit Foomius's ghost but do no damage.
Foomius's ghost is moderately damaged.
Foomius's ghost hits you.
Damage: 3 (max 9)
You sock Foomius's ghost!
Foomius's ghost is severely damaged.
Foomius's ghost hits you but does no damage.
You closely miss Foomius's ghost.
Foomius's ghost is severely damaged.
Foomius's ghost gestures at you while chanting.
Pain shoots through your body! Foomius's ghost hits you.
Damage: 13 (max 13)
You miss Foomius's ghost.
Foomius's ghost is severely damaged.
Foomius's ghost hits you!
* * * LOW HITPOINT WARNING * * *
Damage: 6 (max 13)
You barely miss Foomius's ghost. Your headbutt misses Foomius's ghost.
Foomius's ghost is severely damaged.
Foomius's ghost points at you and mumbles some strange words.
Pain shoots through your body!
You die...

#... ..# # #######.##### #.# #
#...........# #.# ##########
######.#..##.....###.###.........
...........#...........W.########
.##.###.##.#.)..####W###.# # #.#
#.##.#>#.## #.# #.# #
#.###.##.#.#.#####.# #.#
#.....##.#..>.@W...# #.#
#.###.##.###+####### #.#
.##.###.##.##...## #.#
........##.#.....## #.#
###...............## ...
#...####.........##. ...
#.......'...........
#.....####........... #....
##.......#


You could see Foomius's ghost.

Vanquished Creatures
  Ijyb (D:2)
  4 adders
  2 giant geckos (D:1)
  An orc (D:4)
  A ball python (D:3)
  9 bats
  A giant cockroach (D:2)
  4 hobgoblins (D:1)
  A quokka (D:2)
  A giant gecko skeleton (D:3)
  6 giant newts
  9 goblins
  8 kobolds
  5 rats
53 creatures vanquished.

Notes
Turn   | Place    | Note
--------------------------------------------------------------
     0 | D:1      | Gorice the Minotaur Wanderer began the quest for the Orb.
     0 | D:1      | Gorice set off with: a +2 short sword, a +0 quarterstaff, a potion of lignification {!q}, a +0 robe, a bread ration {!e}
     0 | D:1      | Reached XP level 1. HP: 19/19 MP: 0/0
    18 | D:1      | Reached skill level 4 in Fighting
    87 | D:1      | Reached XP level 2. HP: 22/28 MP: 1/1
   351 | D:1      | Reached skill level 5 in Fighting
   404 | D:1      | Reached XP level 3. HP: 27/36 MP: 2/2
   836 | D:2      | Noticed Ijyb
   848 | D:2      | Killed Ijyb
   848 | D:2      | Reached skill level 6 in Fighting
   848 | D:2      | Reached XP level 4. HP: 29/44 MP: 3/3
   887 | D:2      | Found a sparkling altar of Nemelex Xobeh.
  1022 | D:2      | Found a stormy altar of Qazlal.
  1024 | D:2      | Noticed a water elemental
  1024 | D:2      | Noticed an earth elemental
  1025 | D:2      | Noticed an air elemental
  1025 | D:2      | Noticed a fire elemental
  1043 | D:2      | Noticed Sigmund
  1087 | D:3      | Noticed Foomius's ghost (amateur DsNe)
  1430 | D:3      | HP: 10/45 [Foomius's ghost/nerve-wracking pain (14)]
  1446 | D:3      | HP: 8/45 [orc/flail (4)]
  1692 | D:4      | Found an oddly glowing altar of Pakellas.
  1839 | D:3      | HP: 11/45 [Foomius's ghost (7)]
  1840 | D:3      | Killed from afar by Foomius's ghost

Vault maps used:
D:1:      minmay_arrival_open_corners, kennysheep_decorative_pillar
D:2:      okawaru_altar_gauntlet_db, lightli_temple_of_fire,
          nemelex_xobeh_ov_fountains_minmay, first_bread,
          nicolae_qazlal_style_of_elements, uniq_iyjb, uniq_sigmund
D:3:      led_xom_imps, ecumenical_altar_1
D:4:      lemuel_coloured_pillars_altar, grunt_pakellas_salt,
          serial_co_window_serial, co_window_paths_a, co_window_corner_a,
          co_window_paths_b, co_window_corner_a, co_window_paths_b,
          co_window_of_opportunity_c, co_window_unsneaky_path_a,
          co_window_broadway_c, co_window_cross_2, co_window_of_opportunity_c,
          co_window_4corner_b, co_window_paths_e, glass_columns_b,
          glass_columns_b

Action                   |  1- 3 |  4- 6 || total
-------------------------+-------+-------++-------
Melee: Quarterstaff      |    75 |    46 ||   121
Throw: Stone             |     2 |       ||     2
  Use: Scroll            |     4 |       ||     4
 Stab: Sleeping          |       |     1 ||     1
  Eat: Chunk             |       |     3 ||     3

Table legend:
 A = Turns spent in this place as a percentage of turns spent in the entire game.
 B = Non-inter-level travel turns spent in this place as a percentage of non-inter-level travel turns spent in the entire game.
 C = Inter-level travel turns spent in this place as a percentage of turns spent in this place.
 D = Turns resting spent in this place as a percentage of non-inter-level travel turns spent in this place.
 E = Turns spent auto-exploring this place as a percentage of non-inter-level travel turns spent in this place.
 F = Non-inter-level travel turns spent in this place divided by the number of levels of this place that you've seen.
                   A       B       C       D       E      F
               +-------+-------+-------+-------+-------+----------------------
         Total | 100.0 | 100.0 |   0.1 |   0.5 |   5.2 | 215.8
       Dungeon | 100.0 | 100.0 |   0.1 |   0.5 |   5.2 | 215.8
               +-------+-------+-------+-------+-------+----------------------

Vault maps used:
D:1:      minmay_arrival_open_corners, kennysheep_decorative_pillar
D:2:      okawaru_altar_gauntlet_db, lightli_temple_of_fire,
          nemelex_xobeh_ov_fountains_minmay, first_bread,
          nicolae_qazlal_style_of_elements, uniq_iyjb, uniq_sigmund
D:3:      led_xom_imps, ecumenical_altar_1
D:4:      lemuel_coloured_pillars_altar, grunt_pakellas_salt,
          serial_co_window_serial, co_window_paths_a, co_window_corner_a,
          co_window_paths_b, co_window_corner_a, co_window_paths_b,
          co_window_of_opportunity_c, co_window_unsneaky_path_a,
          co_window_broadway_c, co_window_cross_2, co_window_of_opportunity_c,
          co_window_4corner_b, co_window_paths_e, glass_columns_b,
          glass_columns_b
